 Dungeon Crawl Stone Soup version 0.27-a0-1555-g0e7b3fb1d2 (webtiles) character file.

Game seed: 13767867164982855575

106 Morbidden the Conjurer (level 4, 0/46 HPs)
             Began as a Demonspawn Conjurer on July 15, 2021.
             Was a Follower of Cheibriados.
             Slain by an orc wizard (2 damage)
             ... on level 3 of the Dungeon.
             The game lasted 00:04:26 (4210 turns).

Morbidden the Conjurer (Demonspawn Conjurer)        Turns: 4210, Time: 00:04:26

Health: 0/46       AC:  4    Str:  9    XL:     4   Next: 55%
Magic:  1/8        EV: 12    Int: 23    God:    Cheibriados [*.....]
Gold:   102        SH:  0    Dex: 13    Spells: 5/8 levels left

rFire    . . .     SeeInvis .   (no weapon)
rCold    . . .     Faith    .   (no shield)
rNeg     . . .     Spirit   .   a - +0 robe
rPois    .         Reflect  .   (no helmet)
rElec    .         Harm     .   (no cloak)
rCorr    .         Rampage  .   (no gloves)
Will     .....                  (no boots)
Stlth    ..........             (no amulet)
HPRegen  0.15/turn              (no ring)
MPRegen  0.11/turn              (no ring)

@: confused, berserking, flying, very slow
A: hooves 1, thin metallic scales 1
a: Renounce Religion, Bend Time


You were on level 3 of the Dungeon.
You worshipped Cheibriados.
Cheibriados was aware of your devotion.
You visited 1 branch of the dungeon, and saw 4 of its levels.

You collected 102 gold pieces.

Inventory:

Armour
 a - a +0 robe (worn)
Scrolls
 b - 5 scrolls of identify {unknown}
 i - a scroll of teleportation {unknown}
Potions
 c - 2 potions of flight
 e - a potion of degeneration {unknown}
 f - a potion of cancellation {unknown}
 g - a potion of mutation {unknown}
 h - a potion of lignification {unknown}
 j - a potion of magic {unknown}
 k - a potion of heal wounds {unknown}
 l - a potion of brilliance


   Skills:
 + Level 0.4 Fighting
 + Level 2.3 Dodging
 + Level 2.0 Stealth
 + Level 0.7 Unarmed Combat
 * Level 2.9 Spellcasting
 + Level 4.7 Conjurations
 * Level 0.9 Invocations


You had 5 spell levels left.
You knew the following spells:

 Your Spells              Type           Power      Damage    Failure   Level
a - Magic Dart            Conj           100%       1d8       1%          1
b - Searing Ray           Conj           50%        3d5       2%          2

Your spell library contained the following spells:

 Spells                   Type           Power      Damage    Failure   Level
 Dazzling Flash           Conj/Hex       28%        N/A       13%         3
 Fulminant Prism          Conj/Hex       7%         3d7       41%         4
 Iskenderun's Mystic Bla  Conj/Tloc      14%        2d5       41%         4


Dungeon Overview and Level Annotations

Branches:
Dungeon (4/15)
 Temple: D:4-7

Altars:
Cheibriados
Hepliaklqana
Ru
Trog

Shops:
D:1 *


Innate Abilities, Weirdness & Mutations

You have large cloven feet.
You are partially covered in thin metallic scales. (AC +2)


Message History

The searing ray hits the orc!
You kill the orc!
Cheibriados appreciates the change of pace.
Something hits you but does no damage.
Unknown command.
Unknown command.
Unknown command.
Casting: Searing Ray (safe; 2% risk of failure)
Confirm with . or Enter, or press ? or * to list all spells.
You can't see any susceptible monsters within range! (Use Z to cast anyway.)
Casting: Searing Ray (safe; 2% risk of failure)
Confirm with . or Enter, or press ? or * to list all spells.
Aiming: Magic Dart (safe; 1% risk of failure)
Press: ? - help, Shift-Dir - straight line The magic dart hits something.
Something hits you.
* * * LOW HITPOINT WARNING * * *
Unknown command.
Unknown command.
It was a potion of flight.
You feel very buoyant.
You fly up into the air.
Something hits you.
* * * LOW HITPOINT WARNING * * *
Unknown command.
Unknown command.
Unknown command.
It was a potion of berserk rage.
A red film seems to cover your vision as you go berserk!
Cheibriados protects you from inadvertent hurry.
You feel mighty!
You hear some strange, mumbled words.
You are confused.
Unknown command.
Unknown command.
Unknown command.
Unknown command.
Unknown command.
You miss something. Something hits you.
* * * LOW HITPOINT WARNING * * *
Something hits you.
You die...

##.....##......##.####
##..............#..####
#......................
#.................#####
#................#####.
#.........[............
#..)..............#..).
#.................#.###
##....@......<......#
##..>{.##.........##
############....##
#....# #....# ######


There were no monsters in sight!

Vanquished Creatures
  An adder (D:3)
  A worm (D:2)
  3 dart slugs
  5 orcs
  7 ball pythons
  3 bats (D:1)
  5 endoplasms
  3 giant cockroaches
  6 hobgoblins
  16 jackals
  4 kobolds
  A quokka (D:2)
  3 frilled lizards
  5 goblins
  10 rats
73 creatures vanquished.

Vanquished Creatures (others)
  3 fungi (D:4)
3 creatures vanquished.

Grand Total: 76 creatures vanquished

Notes
Turn   | Place    | Note
-------+----------+-------------------------------------------
     0 | D:1      | Morbidden the Demonspawn Conjurer began the quest for the
                  | Orb.
     0 | D:1      | Reached XP level 1. HP: 13/13 MP: 3/3
    80 | D:1      | Found Figiuhuh's Assorted Antiques.
   525 | D:1      | Gained mutation: You have large cloven feet. [demonic
                  | ancestry]
   525 | D:1      | Reached XP level 2. HP: 19/19 MP: 0/5
  1182 | D:1      | Learned a level 2 spell: Searing Ray
  1357 | D:1      | Gained mutation: You are partially covered in thin metallic
                  | scales. (AC +2) [demonic ancestry]
  1357 | D:1      | Reached XP level 3. HP: 18/24 MP: 2/6
  2847 | D:2      | Found a snail-covered altar of Cheibriados.
  2897 | D:2      | Became a worshipper of Cheibriados the Contemplative
  3258 | D:3      | Reached XP level 4. HP: 31/31 MP: 3/7
  3357 | D:3      | Found a faded altar of an unknown god.
  3486 | D:3      | Found a sacrificial altar of Ru.
  3746 | D:3      | Reached * piety under Cheibriados
  3770 | D:3      | Found a faded altar of an unknown god.
  3807 | D:3      | Found a hazy altar of Hepliaklqana.
  4077 | D:3      | Found a bloodstained altar of Trog.
  4134 | D:4      | Noticed a necrophage
  4209 | D:3      | HP: 2/46 [something (2)]
  4210 | D:3      | Slain by an orc wizard

Illustrated notes

Levels and vault maps discovered:
D:1:      co_arrival_square_in_a_square_in_a_square, layout_loops_ring,
          serial_glass, glass_columns_a, glass_columns_c, serial_shops,
          nicolae_shop_trees, minmay_misc_feat_alley
D:2:      layout_loops_cross, basic_altar, minmay_misc_feat_ornament
D:3:      layout_rooms, mainiacjoe_overflow_catwalk,
          nicolae_ru_sacrificial_ziggurat, beargit_hepliaklqana_dungeon_heroes,
          chequers_ecumenical_altar_simple
D:4:      layout_rooms, minmay_temple_entry_gardened_gates,
          nicolae_ossuary_entry_monument, serial_shops, nicolae_lakefront_shop,
          serial_aquarium, aquarium_bridge_island_small
          [aquarium_subvault_small_water, aquarium_subvault_window,
          aquarium_subvault_bridge, aquarium_subvault_bridge,
          aquarium_subvault_wall], aquarium_bridge_square
          [aquarium_subvault_bridge, aquarium_subvault_window,
          aquarium_subvault_wall, aquarium_subvault_bridge],
          aquarium_window_fake, aquarium_window_fake,
          aquarium_window_corridor_3, aquarium_view_2c, aquarium_view_2e,
          aquarium_pool_side, uniq_natasha, uniq_ijyb, uniq_duvessa

Skill      XL: |  1  2  3 |
---------------+----------+-----
Dodging        | 2 |  2.3
Stealth        | 2 |  2.0
Fighting       | |  0.4
Unarmed Combat | |  0.7
Spellcasting   | |  2.9
Conjurations   | |  4.7
Invocations    | |  0.9

Action                   |  1- 3 |  4- 6 || total
-------------------------+-------+-------++-------
Melee: Unarmed           |    82 |     1 ||    83
       Kick              |    11 |       ||    11
 Cast: Magic Dart        |    96 |    38 ||   134
       Searing Ray       |     5 |     2 ||     7
  Use: Potion            |     1 |     2 ||     3
 Stab: Sleeping          |     1 |       ||     1
Armor: Robe              |    30 |     5 ||    35
Dodge: Dodged            |   100 |     5 ||   105

Table legend: (Time is in decaauts)
 A = Elapsed time spent in this place.
 B = Non-inter-level travel time spent in this place.
 C = Inter-level travel time spent in this place.
 D = Time resting spent in this place.
 E = Time spent auto-exploring this place.
 F = Levels seen in this place.
 G = Mean time per level.
                   A        B        C        D        E       F      G
               +--------+--------+--------+--------+--------+-----+--------+
         Total |   4443 |   4231 |    212 |    452 |   3294 |   4 | 1110.8 |
       Dungeon |   4443 |   4231 |    212 |    452 |   3294 |   4 | 1110.8 |
               +--------+--------+--------+--------+--------+-----+--------+

Top non-repeatable levels by time:
     D:1: 1951 daAuts
     D:2: 1314 daAuts
     D:3: 1167 daAuts
     D:4: 10 daAuts
